AoeStats
← Sir. | John Lemon

Golden Pit

509931890Analyzed
1v1 RM · 3d ago on Sep 28, 2026· 41m 56s· 2 players
Game mode
Random Map
Map size
Tiny (2 player)
Population
200
Speed
Normal
Resources
Standard
Victory
Conquest
Starting age
Dark Age
Ending age
Imperial Age
RankedLock teamsTeams togetherTeam positionsShared explorationLock speedFull tech treeHidden civsTurbo modeCheats
Victory
Defeat
🇫🇷 Bulgarians · France
939
+15
🇳🇱 Armenians · Netherlands
916
-15
Sir. | John Lemon
8:08 Loom
11:26 Feudal Age
12:26 Man-at-Arms
13:57 Long Swordsman
18:27 Double-Bit Axe
19:14 Gold Mining
23:30 Castle Age
23:15 Forging
23:05 Scale Mail Armor
23:00 Fletching
25:11 Bow Saw
24:46 Horse Collar
25:46 Pikeman
29:51 Bodkin Arrow
37:11 Imperial Age
35:43 Two-Handed Swordsman
36:52 Scale Mail Armor
40:27 Champion
41:55 Iron Casting
41:33 Squires
41:37 Champion
luidgi.demaynard
10:00 Feudal Age
10:10 Loom
20:03 Castle Age
20:57 Scale Barding Armor
21:04 Forging
23:09 Chain Barding Armor
23:24 Iron Casting
22:51 Padded Archer Armor
23:11 Double-Bit Axe
28:30 Bow Saw
28:02 Horse Collar
31:01 Gold Mining
31:01 Stone Mining
31:16 Heavy Plow
34:34 Imperial Age
34:20 Scale Mail Armor
35:07 Wheelbarrow
34:18 Town Watch
37:45 Hand Cart
37:31 Town Patrol
41:08 Plate Barding Armor
42:26 Blast Furnace
41:42 Chain Mail Armor
41:42 Leather Archer Armor
42:09 Murder Holes
Connection lost

Rejoining the realm…

Still unreachable

The connection could not be restored.

Session expired

The server has moved on; the page needs a fresh start.